| TOP OF THE 1ST |
|
Sarasota Eagles batting - Pitching for Tampa Twisters : RHP Jeffrey Parks
|
|
Pitching: RHP Jeffrey Parks
|
|
|
Batting: SHB Todd Mabe
|
0-0: Ball 1-0: Foul Ball, location: 2F 1-1: Called Strike 1-2: Foul Ball, location: 2F 1-2: Foul Ball, location: 2F 1-2: Foul Ball, location: 2F 1-2: Ball 2-2: Foul Ball, location: 2F 2-2: Ball 3-2: Foul Ball, location: 2F 3-2: Base on Balls
|
|
Batting: RHB Gary Appino
|
0-0: Ball 1-0: Foul Ball, location: 2F 1-1: Ball 2-1: Foul Ball, location: 2LF, Error on foul ball, E2 2-2: Ball 3-2: Strikes out swinging
|
|
Batting: RHB Thomas Brassil
|
0-0: Ball Todd Mabe steals 2nd base (no throw) 1-0: Called Strike 1-1: Foul Ball, location: 2F 1-2: Foul Ball, location: 2F 1-2: Ball 2-2: Fly out, F8 (Line Drive, 8LM, EV 91.9 MPH)
|
|
Batting: SHB Ramon Sambo
|
0-0: Ball 1-0: Ball 2-0: Swinging Strike 2-1: Called Strike 2-2: Ball 3-2: Base on Balls
|
|
Batting: LHB Dave Martinez
|
0-0: Called Strike 0-1: SINGLE (Line Drive, 8LS, EV 100.0 MPH) Todd Mabe to third Ramon Sambo to second Runner from 3rd tries for Home, SAFE, throw by CF to home
|
|
Batting: LHB John Metasavage
|
0-0: Swinging Strike 0-1: Ball 1-1: Foul Ball, location: 2F 1-2: Strikes out swinging
|
| Top of the 1st over - 1 run, 1 hit, 1 error, 2 left on base; Sarasota 1 - Tampa 0 |
| BOTTOM OF THE 1ST |
|
Tampa Twisters batting - Pitching for Sarasota Eagles : LHP Juan Nieves
|
|
Pitching: LHP Juan Nieves
|
|
|
Batting: RHB John Hotchkiss
|
0-0: Ball 1-0: Ball 2-0: Called Strike 2-1: Foul Ball, location: 2F 2-2: Foul Ball, location: 2F 2-2: Fly out, F4 (Flyball, 34D, EV 84.4 MPH)
|
|
Batting: RHB Andres Thomas
|
0-0: Fly out, F8 (Flyball, 8RM, EV 97.5 MPH)
|
|
Batting: RHB Basil Tennell
|
0-0: Fly out, F8 (Line Drive, 8RD, EV 88.1 MPH)
|
| Bottom of the 1st over - 0 runs, 0 hits, 0 errors, 0 left on base; Sarasota 1 - Tampa 0 |
| TOP OF THE 2ND |
|
Sarasota Eagles batting - Pitching for Tampa Twisters : RHP Jeffrey Parks
|
|
Batting: RHB Matt Stark
|
0-0: Swinging Strike 0-1: Called Strike 0-2: Strikes out swinging
|
|
Batting: LHB Jesus Mercado
|
0-0: Swinging Strike 0-1: Ball 1-1: Ball 2-1: Ground out 4-3 (Groundball, 4M, EV 102.5 MPH)
|
|
Batting: RHB Jose Estrada
|
0-0: Ball 1-0: Ball 2-0: Called Strike 2-1: Ground out 5-3 (Groundball, 56S, EV 85.0 MPH)
|
| Top of the 2nd over - 0 runs, 0 hits, 0 errors, 0 left on base; Sarasota 1 - Tampa 0 |
| BOTTOM OF THE 2ND |
|
Tampa Twisters batting - Pitching for Sarasota Eagles : LHP Juan Nieves
|
|
Batting: SHB Jack Daugherty
|
0-0: Called Strike 0-1: Called Strike 0-2: Strikes out swinging
|
|
Batting: RHB Benito Santiago
|
0-0: Ground out 6-3 (Groundball, 56, EV 81.9 MPH)
|
|
Batting: LHB Jordan Berge
|
0-0: Fly out, F8 (Flyball, 8LS, EV 78.8 MPH)
|
| Bottom of the 2nd over - 0 runs, 0 hits, 0 errors, 0 left on base; Sarasota 1 - Tampa 0 |
| TOP OF THE 3RD |
|
Sarasota Eagles batting - Pitching for Tampa Twisters : RHP Jeffrey Parks
|
|
Batting: SHB Todd Mabe
|
0-0: Ball 1-0: Foul Ball, location: 2F 1-1: Ball 2-1: Ball 3-1: Base on Balls
|
|
Batting: RHB Gary Appino
|
0-0: Ball 1-0: Ball 2-0: Foul Ball, location: 2F 2-1: SINGLE (Groundball, 56D, EV 94.4 MPH) Todd Mabe to second
|
|
Batting: RHB Thomas Brassil
|
0-0: Ball 1-0: Swinging Strike 1-1: Called Strike 1-2: Ball 2-2: Foul Ball, location: 2F 2-2: Ball 3-2: Foul Ball, location: 2F 3-2: Foul Ball, location: 2F 3-2: Strikes out swinging
|
|
Batting: SHB Ramon Sambo
|
0-0: Fielders Choice at 2nd, 3-6 (Groundball, 34, EV 105.0 MPH) Todd Mabe to third
|
|
Batting: LHB Dave Martinez
|
0-0: Called Strike 0-1: Ball 1-1: Swinging Strike 1-2: Strikes out swinging
|
| Top of the 3rd over - 0 runs, 1 hit, 0 errors, 2 left on base; Sarasota 1 - Tampa 0 |
| BOTTOM OF THE 3RD |
|
Tampa Twisters batting - Pitching for Sarasota Eagles : LHP Juan Nieves
|
|
Batting: LHB John Randolph
|
0-0: Ball 1-0: Ball 2-0: Ball 3-0: Base on Balls
|
|
Batting: LHB Alex Castaneda
|
0-0: Ball 1-0: Ball 2-0: Called Strike 2-1: Fielders Choice at 2nd, 3-6 (Groundball, 34, EV 83.8 MPH)
|
|
Batting: RHB Nelson Ybarra
|
0-0: Ball 1-0: Called Strike 1-1: Swinging Strike 1-2: Ball 2-2: Strikes out looking
|
|
Batting: RHB John Hotchkiss
|
0-0: Called Strike 0-1: Ball 1-1: Called Strike 1-2: Strikes out looking
|
| Bottom of the 3rd over - 0 runs, 0 hits, 0 errors, 1 left on base; Sarasota 1 - Tampa 0 |
| TOP OF THE 4TH |
|
Sarasota Eagles batting - Pitching for Tampa Twisters : RHP Jeffrey Parks
|
|
Batting: LHB John Metasavage
|
0-0: Called Strike 0-1: Swinging Strike 0-2: Ball 1-2: Foul Ball, location: 2F 1-2: Foul Ball, location: 2F 1-2: Strikes out swinging
|
|
Batting: RHB Matt Stark
|
0-0: Ball 1-0: Ground out 5-3 (Groundball, 56S, EV 75.0 MPH)
|
|
Batting: LHB Jesus Mercado
|
0-0: Foul Ball, location: 2F 0-1: Fly out, F4 (Line Drive, 4, EV 73.8 MPH)
|
| Top of the 4th over - 0 runs, 0 hits, 0 errors, 0 left on base; Sarasota 1 - Tampa 0 |
| BOTTOM OF THE 4TH |
|
Tampa Twisters batting - Pitching for Sarasota Eagles : LHP Juan Nieves
|
|
Batting: RHB Andres Thomas
|
0-0: Called Strike 0-1: Fly out, F8 (Flyball, 8LM, EV 92.5 MPH)
|
|
Batting: RHB Basil Tennell
|
0-0: Ball 1-0: Ground out 6-3 (Groundball, 56, EV 100.6 MPH)
|
|
Batting: SHB Jack Daugherty
|
0-0: Called Strike 0-1: Foul Ball, location: 2F 0-2: Ball 1-2: DOUBLE (Groundball, 5L, EV 103.1 MPH)
|
|
Batting: RHB Benito Santiago
|
0-0: Called Strike 0-1: Called Strike 0-2: Foul Ball, location: 2F 0-2: Strikes out swinging
|
| Bottom of the 4th over - 0 runs, 1 hit, 0 errors, 1 left on base; Sarasota 1 - Tampa 0 |
| TOP OF THE 5TH |
|
Sarasota Eagles batting - Pitching for Tampa Twisters : RHP Jeffrey Parks
|
|
Batting: RHB Jose Estrada
|
0-0: Called Strike 0-1: Ball 1-1: Swinging Strike 1-2: Foul Ball, location: 2F 1-2: Ball 2-2: Foul Ball, location: 2F 2-2: Foul Ball, location: 2F 2-2: Ball 3-2: Foul Ball, location: 2F 3-2: SINGLE (Groundball, 34D, EV 96.3 MPH)
|
|
Batting: SHB Todd Mabe
|
0-0: Ball 1-0: Sac Bunt to 2R - play at first, batter OUT! 2-4 Jose Estrada to second
|
|
Batting: RHB Gary Appino
|
0-0: Swinging Strike 0-1: Called Strike 0-2: Strikes out looking
|
|
Batting: RHB Thomas Brassil
|
0-0: Called Strike 0-1: SINGLE (Groundball, 56D, EV 108.1 MPH) Jose Estrada to third Runner from 3rd tries for Home, SAFE, throw by LF to home
|
|
Batting: SHB Ramon Sambo
|
0-0: Called Strike 0-1: Foul Ball, location: 2F 0-2: Ball 1-2: Ball 2-2: Strikes out looking
|
| Top of the 5th over - 1 run, 2 hits, 0 errors, 1 left on base; Sarasota 2 - Tampa 0 |
| BOTTOM OF THE 5TH |
|
Tampa Twisters batting - Pitching for Sarasota Eagles : LHP Juan Nieves
|
|
Batting: LHB Jordan Berge
|
0-0: Ball 1-0: Fly out, F8 (Line Drive, 8LD, EV 86.3 MPH)
|
|
Batting: LHB John Randolph
|
0-0: SINGLE (Line Drive, 56D, EV 94.4 MPH)
|
|
Batting: LHB Alex Castaneda
|
0-0: Foul Ball, location: 2F 0-1: Swinging Strike 0-2: Ball John Randolph steals 2nd base 1-2: Strikes out swinging
|
|
Batting: RHB Nelson Ybarra
|
0-0: Ball 1-0: Called Strike 1-1: Foul Ball, location: 2F 1-2: SINGLE (Flyball, 56D, EV 93.1 MPH) John Randolph to third Runner from 3rd tries for Home, SAFE, throw by LF to home
|
|
Batting: RHB John Hotchkiss
|
0-0: Called Strike 0-1: Fly out, F9 (Line Drive, 9, EV 91.9 MPH)
|
| Bottom of the 5th over - 1 run, 2 hits, 0 errors, 1 left on base; Sarasota 2 - Tampa 1 |
| TOP OF THE 6TH |
|
Sarasota Eagles batting - Pitching for Tampa Twisters : RHP Jeffrey Parks
|
|
Pitching: RHP Jackie Davidson
|
|
|
Batting: LHB Dave Martinez
|
0-0: Called Strike 0-1: Ball 1-1: SINGLE (Line Drive, 4M, EV 100.0 MPH)
|
|
Batting: LHB John Metasavage
|
0-0: Bunt missed! 0-1: Ball 1-1: Sac Bunt to 13S - play at first, batter OUT! 1-4 Dave Martinez to second
|
|
Batting: RHB Matt Stark
|
0-0: Intentional Walk
|
|
Batting: LHB Jesus Mercado
|
0-0: Called Strike 0-1: Foul Ball, location: 2F 0-2: Ball 1-2: Strikes out swinging
|
|
Batting: RHB Jose Estrada
|
0-0: Ball 1-0: Ball 2-0: Called Strike 2-1: SINGLE (Line Drive, 4MD, EV 103.8 MPH) Dave Martinez to third Matt Stark to second Runner from 3rd tries for Home, SAFE, throw by CF to home
|
|
Batting: SHB Todd Mabe
|
0-0: Ball 1-0: Swinging Strike 1-1: Foul Ball, location: 2F 1-2: Foul Ball, location: 2F 1-2: Ball 2-2: Strikes out swinging
|
| Top of the 6th over - 1 run, 2 hits, 0 errors, 2 left on base; Sarasota 3 - Tampa 1 |
| BOTTOM OF THE 6TH |
|
Tampa Twisters batting - Pitching for Sarasota Eagles : LHP Juan Nieves
|
|
Batting: RHB Andres Thomas
|
0-0: Ball 1-0: Called Strike 1-1: Ball 2-1: Fly out, F9 (Flyball, 9S, EV 93.8 MPH)
|
|
Batting: RHB Basil Tennell
|
0-0: Ball 1-0: Called Strike 1-1: Foul Ball, location: 2F 1-2: Ball 2-2: Foul Ball, location: 2F 2-2: Strikes out swinging
|
|
Batting: SHB Jack Daugherty
|
0-0: Ball 1-0: Called Strike 1-1: Swinging Strike 1-2: Strikes out swinging
|
| Bottom of the 6th over - 0 runs, 0 hits, 0 errors, 0 left on base; Sarasota 3 - Tampa 1 |
| TOP OF THE 7TH |
|
Sarasota Eagles batting - Pitching for Tampa Twisters : RHP Jackie Davidson
|
|
Batting: RHB Gary Appino
|
0-0: Ball 1-0: Ball 2-0: Called Strike 2-1: Called Strike 2-2: Ball 3-2: Base on Balls
|
|
Batting: RHB Thomas Brassil
|
0-0: Called Strike 0-1: Ball 1-1: SINGLE (Line Drive, 5D, EV 96.9 MPH) Gary Appino to second
|
|
Batting: SHB Ramon Sambo
|
0-0: Ball 1-0: Called Strike 1-1: SINGLE (Line Drive, 56D, EV 100.6 MPH) Gary Appino to third Thomas Brassil to second Runner from 3rd tries for Home, SAFE, throw by LF to home
|
|
Batting: LHB Dave Martinez
|
0-0: Called Strike 0-1: Foul Ball, location: 2F 0-2: Foul Ball, location: 2F 0-2: Ball 1-2: Fly out, F7 (Flyball, 7, EV 90.0 MPH)
|
|
Batting: LHB John Metasavage
|
0-0: Called Strike 0-1: Swinging Strike 0-2: Strikes out swinging
|
|
Batting: RHB Matt Stark
|
0-0: Ground out 5-3 (Groundball, 56S, EV 79.4 MPH)
|
| Top of the 7th over - 1 run, 2 hits, 0 errors, 2 left on base; Sarasota 4 - Tampa 1 |
| BOTTOM OF THE 7TH |
|
Tampa Twisters batting - Pitching for Sarasota Eagles : LHP Juan Nieves
|
|
Batting: RHB Benito Santiago
|
0-0: Called Strike 0-1: Swinging Strike 0-2: Ball 1-2: Ball 2-2: Ground out 6-3 (Groundball, 6, EV 98.8 MPH)
|
|
Batting: LHB Jordan Berge
|
0-0: Called Strike 0-1: Ball 1-1: Fly out, F8 (Flyball, 8LM, EV 84.4 MPH)
|
|
Batting: LHB John Randolph
|
0-0: Ball 1-0: Swinging Strike 1-1: Called Strike 1-2: Ball 2-2: Foul Ball, location: 2F 2-2: Strikes out looking
|
| Bottom of the 7th over - 0 runs, 0 hits, 0 errors, 0 left on base; Sarasota 4 - Tampa 1 |
| TOP OF THE 8TH |
|
Sarasota Eagles batting - Pitching for Tampa Twisters : RHP Jackie Davidson
|
|
Batting: LHB Jesus Mercado
|
0-0: Called Strike 0-1: Ball 1-1: Fly out, F6 (Popup, 6, EV 69.4 MPH)
|
|
Batting: RHB Jose Estrada
|
0-0: Ball 1-0: Foul Ball, location: 2F 1-1: SINGLE (Line Drive, 8LS, EV 89.4 MPH)
|
|
Batting: SHB Todd Mabe
|
0-0: Called Strike 0-1: Ball 1-1: Fly out, F8 (Flyball, 89D, EV 105.6 MPH)
|
|
Batting: RHB Gary Appino
|
0-0: Foul Ball, location: 2F 0-1: Swinging Strike 0-2: Strikes out looking
|
| Top of the 8th over - 0 runs, 1 hit, 0 errors, 1 left on base; Sarasota 4 - Tampa 1 |
| BOTTOM OF THE 8TH |
|
Tampa Twisters batting - Pitching for Sarasota Eagles : LHP Juan Nieves
|
|
Batting: LHB Alex Castaneda
|
0-0: Called Strike 0-1: Ball 1-1: Fly out, F8 (Flyball, 89S, EV 81.9 MPH)
|
|
Batting: RHB Nelson Ybarra
|
0-0: Ground out 6-3 (Groundball, 6S, EV 88.1 MPH)
|
|
Batting: RHB John Hotchkiss
|
0-0: Ball 1-0: Called Strike 1-1: Ball 2-1: DOUBLE (Line Drive, 7LM, EV 98.8 MPH)
|
|
Batting: RHB Andres Thomas
|
0-0: Called Strike Balk! John Hotchkiss to third 0-1: Called Strike 0-2: Foul Ball, location: 2F 0-2: Reached on error, E4 (Groundball, 4, EV 93.8 MPH) John Hotchkiss scores
|
|
Pitching: RHP Charlie Corbell
|
|
|
Batting: RHB Basil Tennell
|
0-0: Ball 1-0: Called Strike 1-1: Ball 2-1: Ball 3-1: Called Strike 3-2: SINGLE (Line Drive, 7LS, EV 110.0 MPH) Andres Thomas to second Andres Thomas to third
|
|
Batting: SHB Jack Daugherty
|
0-0: Called Strike 0-1: Swinging Strike 0-2: Ball 1-2: Strikes out looking
|
| Bottom of the 8th over - 1 run, 2 hits, 1 error, 2 left on base; Sarasota 4 - Tampa 2 |
| TOP OF THE 9TH |
|
Sarasota Eagles batting - Pitching for Tampa Twisters : RHP Jackie Davidson
|
|
Pitching: RHP Dave Harman
|
|
|
Batting: RHB Thomas Brassil
|
0-0: Ball 1-0: Foul Ball, location: 2F 1-1: Ball 2-1: Swinging Strike 2-2: Ground out 4-3 (Groundball, 4M, EV 88.1 MPH)
|
|
Batting: SHB Ramon Sambo
|
0-0: Ball 1-0: Ball 2-0: Ball 3-0: Called Strike 3-1: Called Strike 3-2: Base on Balls
|
|
Batting: LHB Dave Martinez
|
0-0: Foul Ball, location: 2F 0-1: Called Strike 0-2: Ball 1-2: DOUBLE (Groundball, 5L, EV 103.1 MPH) Ramon Sambo to third Runner from 3rd tries for Home, SAFE, throw by LF to trailing runner, SAFE at third!
|
|
Batting: LHB John Metasavage
|
0-0: Intentional Walk
|
|
Batting: RHB Matt Stark
|
0-0: Ball 1-0: Foul Ball, location: 2F 1-1: Fielders Choice at 2nd, 3-6 (Groundball, 3, EV 92.5 MPH) Dave Martinez scores
|
|
Batting: LHB Jesus Mercado
|
0-0: Swinging Strike 0-1: Ball 1-1: Called Strike 1-2: Ball 2-2: SINGLE (Line Drive, 3, EV 66.3 MPH) (infield hit) Matt Stark to second
|
|
Batting: RHB Jose Estrada
|
0-0: Called Strike 0-1: Called Strike 0-2: SINGLE (Line Drive, 6MD, EV 101.3 MPH) Matt Stark to third Jesus Mercado to second Runner from 3rd tries for Home, SAFE, throw by CF to home
|
|
Batting: SHB Todd Mabe
|
0-0: Ball 1-0: Foul Ball, location: 2F 1-1: Fielders Choice at 2nd, 5-4 (Groundball, 5, EV 85.6 MPH)
|
| Top of the 9th over - 3 runs, 3 hits, 0 errors, 2 left on base; Sarasota 7 - Tampa 2 |
| BOTTOM OF THE 9TH |
|
Tampa Twisters batting - Pitching for Sarasota Eagles : RHP Charlie Corbell
|
|
Batting: RHB Benito Santiago
|
0-0: Ball 1-0: Called Strike 1-1: Foul Ball, location: 2F 1-2: Strikes out swinging
|
|
Batting: LHB Jordan Berge
|
0-0: Called Strike 0-1: Ball 1-1: Fly out, F1 (Line Drive, P, EV 68.1 MPH)
|
|
Batting: LHB John Randolph
|
0-0: Ball 1-0: Swinging Strike 1-1: Ball 2-1: Ground out 4-3 (Groundball, 4, EV 102.5 MPH)
|
| Bottom of the 9th over - 0 runs, 0 hits, 0 errors, 0 left on base; Sarasota 7 - Tampa 2 |
|